 Dungeon Crawl Stone Soup version 0.30-b1-2-g02819fbbbe (webtiles) character file.

Game seed: 16587573572471134995

513 snakesoul the Digger (level 7, 0/36 HPs)
             Began as a Gargoyle Earth Elementalist on May 30, 2023.
             Killed by divine providence
             ... invoked by an orc priest
              (11 damage)
             ... on level 4 of the Dungeon.
             The game lasted 00:05:35 (3603 turns).

snakesoul the Digger (Gargoyle Earth Elementalist)  Turns: 3603, Time: 00:05:35

Health: 0/36       AC:  8    Str: 11    XL:     7   Next: 19%
Magic:  11/12      EV: 16    Int: 18    God:
Gold:   234        SH:  0    Dex: 10    Spells: 6/12 levels left

rFire   . . .        u - +0 sling
rCold   . . .        (no shield)
rNeg    + . .        a - +0 robe
rPois   ∞            y - +0 helmet
rElec   +            (no cloak)
rCorr   .            f - +0 pair of gloves
SInv    .            (no boots)
Will    .....        (no amulet)
Stlth   ++           c - +5 ring of evasion
HPRegen 0.26/turn    (no ring)
MPRegen 0.13/turn

%: no passive effects
@: no status effects
A: sickness immunity, AC +4, negative energy resistance 1, electricity
resistance, torment resistance 1, petrification resistance
a: no special abilities


You were on level 4 of the Dungeon.
You visited 1 branch of the dungeon, and saw 4 of its levels.
You also visited: Sewer.

You collected 234 gold pieces.

Inventory:

Hand Weapons
 l - a +2 dagger of venom
 u - a +0 sling (weapon)
Armour
 a - a +0 robe (worn)
 f - a +0 pair of gloves (worn)
 y - a +0 helmet (worn)
Jewellery
 c - a +5 ring of evasion (left hand)
 o - a +5 ring of evasion
 s - a ring of resist corrosion
 w - a +5 ring of evasion
Wands
 m - a wand of flame (24)
 n - a wand of paralysis (5)
Scrolls
 e - 6 scrolls of teleportation {unknown}
 g - 5 scrolls of identify {unknown}
 h - a scroll of amnesia {unknown}
 i - 2 scrolls of vulnerability {unknown}
 j - a scroll of blinking {unknown}
 p - 3 scrolls of poison {unknown}
 q - a scroll of acquirement {unknown}
 r - a scroll of immolation {unknown}
 v - 2 scrolls of butterflies {unknown}
Potions
 b - a potion of magic
 d - 2 potions of curing {unknown}
 k - a potion of degeneration {unknown}
 t - a potion of lignification {unknown}
 x - a potion of heal wounds {unknown}
 z - 3 potions of might {unknown}
 A - a potion of invisibility {unknown}
 B - a potion of mutation {unknown}
 C - a potion of attraction {unknown}
 D - a potion of berserk rage {unknown}


   Skills:
 - Level 1.5 Dodging
 - Level 2.1 Stealth
 + Level 3.3 Spellcasting
 * Level 3.7 Conjurations
 * Level 3.6 Transmutations
 + Level 5.5 Earth Magic


You had 6 spell levels left.
You knew the following spells:

 Your Spells              Type           Power      Damage    Failure   Level
a - Sandblast             Erth           44%        2d11      1%          1
b - Passwall              Tmut/Erth      15%        N/A       3%          2
c - Stone Arrow           Conj/Erth      38%        3d9       7%          3

Your spell library contained the following spells:

 Spells                   Type           Power      Damage    Failure   Level
 Petrify                  Tmut/Erth      19%        N/A       24%         4
 Cause Fear               Hex            1%         N/A       83%         4
 Dragon Form              Tmut           8%         N/A       100%        7
 Dragon's Call            Summ           1%         N/A       100%        9


Dungeon Overview and Level Annotations

Branches:
Dungeon (4/15)              Sewer (visited)
 Temple: D:4-7

Altars:


Innate Abilities, Weirdness & Mutations

You are immune to sickness and miasma.
Your stone body is resilient. (AC +4)
You are immune to poison.
You resist negative energy. (rN+)
You are resistant to electric shocks. (rElec)
You are resistant to unholy torment.
You are immune to petrification.


Message History

The orc shouts!
You shoot a sling bullet.
The sling bullet closely misses the orc.
The sling bullet closely misses the orc priest.
The orc priest mumbles some strange prayers to Beogh against you.
Beogh smites you!
* * * LOW HITPOINT WARNING * * *
You are too injured to fight recklessly!
Unknown command.
You are too injured to fight recklessly!
Aiming: Sandblast (safe; 1% risk of failure)
Press: ? - help, Q - select action, (/) - cycle Shift-Dir - straight line, f/p - orc
Aim: an orc, wielding a +0 club (83% to hit)
Out of range.
Okay, then.
Unknown command.
You are too injured to fight recklessly!
Aiming: Sandblast (safe; 1% risk of failure)
Press: ? - help, Q - select action, (/) - cycle Shift-Dir - straight line, f - you, p - orc That would be overly suicidal.
Okay, then.
Unknown command.
Unknown command.
Aiming: Sandblast (safe; 1% risk of failure)
Press: ? - help, Q - select action, (/) - cycle Shift-Dir - straight line, f - orc
Aim: an orc, wielding a +0 club (83% to hit)
Out of range.
Okay, then.
Unknown command.
The orc priest looks satisfied for a moment.
Casting: Sandblast (safe; 1% risk of failure)
Confirm with . or Enter, or press ? or * to list all spells.
Aiming: Sandblast (safe; 1% risk of failure)
Press: ? - help, Shift-Dir - straight line, f - orc
Aim: an orc, wielding a +0 club (83% to hit)
The blast of sand hits the orc!!
You kill the orc!
The orc priest invokes the aid of Beogh against you.
Beogh smites you!
You die...

.## #.......# .## . ##
##.........# ##
#..#...#...... .##
##......#####.. ..#
##......## ..... ..##
##..###..# ..... #..####..##
##.## ...... #....#..##
#..## .o.... ##......##
##.@#####....# .........##
#....)oo....# ..........##
#..........#
...........####..#.......#
.#...........##..####.......
##...............# ..##...
##..............# .## #
##.............# .#
#............## ..


You could see an orc priest and an orc.

Vanquished Creatures
  Grinder (D:4)
  A water moccasin (Sewer)
  An iguana (D:3)
  8 adders
  2 river rats (D:4)
  2 worms
  A dart slug (D:1)
  5 orcs
  4 ball pythons
  12 bats
  7 endoplasms
  2 giant cockroaches
  7 goblins
  6 hobgoblins
  4 jackals (D:1)
  3 quokkas
  5 frilled lizards
  8 kobolds
  3 rats
82 creatures vanquished.

Notes
Turn   | Place    | Note
-------+----------+-------------------------------------------
     0 | D:1      | snakesoul the Gargoyle Earth Elementalist began the quest
                  | for the Orb.
     0 | D:1      | Reached XP level 1. HP: 10/10 MP: 3/3
     7 | D:1      | Found a faded altar of an unknown god.
    34 | D:1      | Reached skill level 1 in Transmutations
    64 | D:1      | Reached XP level 2. HP: 15/15 MP: 1/5
   132 | D:1      | Reached skill level 4 in Earth Magic
   600 | D:1      | Reached XP level 3. HP: 19/19 MP: 4/6
  1241 | D:2      | You fall into a shaft and drop 1 floor!
  1270 | D:3      | Reached XP level 4. HP: 24/24 MP: 5/7
  1277 | D:3      | Learned a level 2 spell: Passwall
  1281 | D:3      | Learned a level 3 spell: Stone Arrow
  1477 | D:3      | Reached skill level 1 in Conjurations
  1619 | D:3      | Reached XP level 5. HP: 24/28 MP: 2/8
  2715 | D:4      | Reached skill level 5 in Earth Magic
  2789 | D:4      | Found a glowing drain.
  2808 | Sewer    | Entered a sewer
  2863 | Sewer    | Noticed a water moccasin
  2868 | Sewer    | Killed a water moccasin
  2869 | Sewer    | Reached XP level 6. HP: 29/32 MP: 6/10
  3236 | D:4      | Noticed Grinder
  3237 | D:4      | Paralysed by Grinder for 5 turns
  3247 | D:4      | Killed Grinder
  3248 | D:4      | Reached XP level 7. HP: 13/36 MP: 5/12
  3345 | D:4      | Identified the +2 leather armour of the Louse {rElec MP+9
                  | Int+4}
  3603 | D:4      | Killed from afar by an orc priest

Illustrated notes

Levels and vault maps discovered:
D:1:      ebering_trefoil_3fold, layout_basic, basic_ecumenical_altar
D:2:      layout_rooms
D:3:      kb_forest_paths, layout_rooms, chequers_serial_rivers_micro_b
D:4:      layout_layer_cave, portal_sewer_entry_b, uniq_grinder

Skill      XL: |  1  2  3  4  5  6 |
---------------+-------------------+-----
Transmutations | 1 2 3 |  3.6
Earth Magic    | 4 5 |  5.5
Conjurations   | 1 2 3 |  3.7
Spellcasting   | 3 |  3.3
Dodging        | |  1.5
Stealth        | |  2.1

Action                     |  1- 3 |  4- 6 |  7- 9 || total
---------------------------+-------+-------+-------++-------
  Melee: Short sword       |    16 |       |       ||    16
         Dagger            |       |     8 |       ||     8
   Fire: Sling             |       |    14 |     4 ||    18
   Cast: Sandblast         |    41 |    76 |     1 ||   118
 Armour: Robe              |    13 |    16 |       ||    29
  Dodge: Dodged            |    33 |    66 |       ||    99
